 Dungeon Crawl Stone Soup version 0.28-a0-29-g0adfcbbeba (webtiles) character file.

Game seed: 16900333740283530450

135 Jawa73 the Skirmisher (level 4, -2/36 (41) HPs)
             Began as a Minotaur Fighter on July 27, 2021.
             Slain by a wight (14 damage)
             ... on level 3 of the Dungeon.
             The game lasted 00:06:39 (2701 turns).

Jawa73 the Skirmisher (Minotaur Fighter)            Turns: 2701, Time: 00:06:40

HP:   -2/36 (41)    AC:  7    Str: 22    XL:     4   Next: 97%
MP:   3/3           EV:  7    Int:  5    God:
Gold: 70            SH:  9    Dex:  9    Spells: 3/3 levels left

rFire   . . .      SeeInvis .   a - +1 long sword
rCold   . . .      Faith    .   c - +0 kite shield
rNeg    . . .      Spirit   .   b - +0 scale mail
rPois   .          Reflect  .   (helmet restricted)
rElec   .          Harm     .   (no cloak)
rCorr   .          Rampage  .   (no gloves)
Will    .....                   (no boots)
Stlth   ..........              (no amulet)
HPRegen 0.12/turn               (no ring)
MPRegen 0.08/turn               (no ring)

@: heavily drained
A: horns 2, retaliatory headbutt
a: no special abilities


You were on level 3 of the Dungeon.
You visited 1 branch of the dungeon, and saw 3 of its levels.

You collected 70 gold pieces.

Inventory:

Hand Weapons
 a - a +1 long sword (weapon)
Armour
 b - a +0 scale mail (worn)
 c - a +0 kite shield (worn)
Scrolls
 g - 2 scrolls of teleportation
 j - a scroll of amnesia
Potions
 d - a potion of might
 f - 2 potions of cancellation
 h - a potion of resistance {unknown}
 i - a potion of curing {unknown}
 k - 2 potions of haste {unknown}


   Skills:
 * Level 4.6 Fighting
 * Level 4.5 Long Blades
 + Level 4.2 Armour
 + Level 4.3 Shields


You had 3 spell levels left.
You didn't know any spells.
Your spell library was empty.

Dungeon Overview and Level Annotations

Branches:
Dungeon (3/15)

Altars:
Trog


Innate Abilities, Weirdness & Mutations

You have a pair of horns on your head.
You reflexively headbutt those who attack you in melee.


Message History

You feel drained.
Okay, then.
It was a potion of cancellation.
You feel magically purged. You block the wight's attack.
You see here a hobgoblin corpse.
Okay, then.
You fade into invisibility!
You are very lightly contaminated with residual magic.
You flicker for a moment.
The orc throws a stone.
The stone hits the wight but does no damage.
You flicker back into view.
Your magical contamination has completely faded away.
You block the wight's attack.
There is a stone staircase leading down here.
As you read the scroll of teleportation, it crumbles to dust.
You feel strangely unstable.
Your surroundings suddenly seem different.
There is a stone staircase leading up here.
You climb upwards.
There is a stone staircase leading down here.
You start resting.
HP restored.
You climb downwards.
There is a stone staircase leading up here.
The wight hits you with a +5 battleaxe of freezing!
The wight freezes you. You block the wight's attack.
You closely miss the wight. You block the wight's attack. x2
You closely miss the wight.
A wight comes into view.
It is wielding a +1 trident of freezing.
The necrophage hits you. You block the wight's attack.
You hit the wight but do no damage. You block the necrophage's attack.
You block the wight's attack.
You hit the wight but do no damage. You headbutt the wight.
The wight is moderately damaged.
The necrophage closely misses you.
You riposte.
You hit the necrophage.
The necrophage is lightly damaged.
The wight hits you with a +5 battleaxe of freezing!
You die...

#.......# #.......####.......
#.......#######...............
#............#####.####.......
#.............................
#####........#####.###........
#........#####.###........
#................#....####
#.......n........#....#
#.......z@.......###### #
######.##........# ##
#.##........# .##
#.##........# #.##
#.##z.......# o#.##
#>...#....### #.#.##
#....#....# ##.#.##
#....####.#
##z#.#######....####>#


You could see a necrophage and 2 wights.

Vanquished Creatures
  7 adders (D:2)
  3 worms (D:3)
  A dart slug (D:2)
  7 bats
  An endoplasm (D:2)
  A giant cockroach (D:2)
  7 hobgoblins
  8 jackals
  A kobold (D:2)
  3 quokkas (D:1)
  9 ball pythons
  A frilled lizard (D:1)
  4 goblins
  6 rats
59 creatures vanquished.

Vanquished Creatures (collateral kills)
  A jackal (D:1)
  A kobold (D:1)
2 creatures vanquished.

Grand Total: 61 creatures vanquished

Notes
Turn   | Place    | Note
-------+----------+-------------------------------------------
     0 | D:1      | Jawa73 the Minotaur Fighter began the quest for the Orb.
     0 | D:1      | Reached XP level 1. HP: 19/19 MP: 0/0
   149 | D:1      | Found a faded altar of an unknown god.
   346 | D:1      | Reached XP level 2. HP: 27/27 MP: 1/1
   944 | D:2      | Reached XP level 3. HP: 21/33 MP: 2/2
  1525 | D:2      | Reached XP level 4. HP: 23/41 MP: 3/3
  1998 | D:3      | Noticed a moth of wrath
  2000 | D:3      | Found a bloodstained altar of Trog.
  2400 | D:3      | Noticed a necrophage
  2701 | D:3      | Slain by a wight

Illustrated notes

Levels and vault maps discovered:
D:1:      dpeg_arrival_pits, layout_basic, ebering_ecumenical_altar_sacrificial,
          chequers_serial_rivers_micro_b, minmay_liquid_box, due_unseen_surprise
D:2:      layout_rooms, minmay_snake_closets
D:3:      minmay_inner_zag, layout_basic, mainiacjoe_overflow_boulevard,
          tgw_trog, mainiacjoe_overflow_catwalk

Skill      XL: |  1  2  3  4 |
---------------+-------------+-----
Fighting       | 4 |  4.6
Shields        | 4 |  4.3
Long Blades    | 3 4 |  4.5
Armour         | 4 |  4.2

Action                   |  1- 3 |  4- 6 || total
-------------------------+-------+-------++-------
Melee: Long sword        |    75 |    52 ||   127
       Headbutt          |    10 |    13 ||    23
  Use: Scroll            |     5 |     2 ||     7
       Potion            |       |     2 ||     2
Armor: Scale mail        |    59 |     9 ||    68
Dodge: Dodged            |    35 |    11 ||    46
Block: Kite shield       |    54 |    45 ||    99
       Rpst.: Long sword |     7 |     3 ||    10

Table legend: (Time is in decaauts)
 A = Elapsed time spent in this place.
 B = Non-inter-level travel time spent in this place.
 C = Inter-level travel time spent in this place.
 D = Time resting spent in this place.
 E = Time spent auto-exploring this place.
 F = Levels seen in this place.
 G = Mean time per level.
                   A        B        C        D        E       F      G
               +--------+--------+--------+--------+--------+-----+--------+
         Total |   2758 |   2686 |     72 |    436 |   1672 |   3 |  919.3 |
       Dungeon |   2758 |   2686 |     72 |    436 |   1672 |   3 |  919.3 |
               +--------+--------+--------+--------+--------+-----+--------+

Top non-repeatable levels by time:
     D:2: 1228 daAuts
     D:1: 843 daAuts
     D:3: 686 daAuts
